 Dungeon Crawl Stone Soup version 0.26-a0-58-g79b31b8662 (console) character file.

Game seed: 7520538666369562364

641 Morrissey the Chopper (level 7, -3/61 HPs)
             Began as a Hill Orc Berserker on June 8, 2020.
             Was a Believer of Trog.
             Killed from afar by a white imp (6 damage)
             ... with a puff of frost
             ... summoned by Eustachio
             ... on level 4 of the Dungeon.
             The game lasted 00:04:18 (2685 turns).

Morrissey the Chopper (Hill Orc Berserker)          Turns: 2685, Time: 00:04:18

Health: -3/61      AC:  7    Str: 22    XL:     7   Next: 51%
Magic:  7/7        EV: 11    Int:  7    God:    Trog [**....]
Gold:   127        SH:  0    Dex: 10    Spells: 6/6 levels left

rFire    . . .     SeeInvis .   a - +0 war axe
rCold    . . .     Gourm    .   (no shield)
rNeg     . . .     Faith    .   g - +0 ring mail
rPois    .         Spirit   .   m - +0 helmet
rElec    .         Reflect  .   (no cloak)
rCorr    .         Harm     .   (no gloves)
MR       ++...                  (no boots)
Stlth    ..........             (no amulet)
HPRegen  1.20/turn              (no ring)
MPRegen  0.10/turn              (no ring)

@: lethally poisoned (-3 -> -3), berserk cooldown, regenerating, slowed, heavily
drained, very slow
A: no striking features
a: Berserk, Trog's Hand, Renounce Religion


You were on level 4 of the Dungeon.
You worshipped Trog.
Trog was pleased with you.
You were near starving.

You visited 1 branch of the dungeon, and saw 4 of its levels.

You collected 127 gold pieces.

Inventory:

Hand Weapons
 a - a +0 war axe (weapon)
Missiles
 b - 5 atropa-tipped darts
 e - 139 stones (quivered)
 f - 4 silver javelins
Armour
 g - a +0 ring mail (worn)
 m - a +0 helmet (worn)
Wands
 h - a wand of enslavement (10)
 p - a wand of disintegration (14)
Scrolls
 i - 4 scrolls of identify {unknown}
 k - a scroll of remove curse {unknown}
 l - a scroll of fear {unknown}
 n - a scroll of enchant armour {unknown}
 q - a scroll of noise {unknown}
 s - a scroll of immolation {unknown}
Potions
 d - a potion of curing
 j - a potion of berserk rage {unknown}
 o - a potion of brilliance {unknown}
 t - a potion of mutation {unknown}
 u - a potion of resistance {unknown}
Comestibles
 c - 8 rations
 r - 5 chunks of flesh


   Skills:
 + Level 5.2(4.0) Fighting
 * Level 7.2(5.9) Axes
 - Level 0.3(0.0) Throwing
 * Level 5.4(4.1) Armour
 + Level 3.0(1.8) Dodging


You had 6 spell levels left.
You didn't know any spells.
Your spell library was empty.

Dungeon Overview and Level Annotations

Branches:
Dungeon (4/15)
 Temple: D:4-7

Altars:
Dithmenos
Kikubaaqudgha
Trog
Yredelemnul
Zin

Annotations:
D:4 Eustachio


Message History

The ooze hits you.
* * * LOW HITPOINT WARNING * * *
Unknown command.
Your ring mail prevents you from hitting Eustachio.
Eustachio is lightly wounded.
You slash the ooze!
You kill the ooze!
Trog accepts your kill.
You slash the white imp!
You feel sick. The bat closely misses you. x2
Eustachio hits you with a +0 falchion of draining.
* * * LOW HITPOINT WARNING * * *
You feel drained.
* * * LOW HITPOINT WARNING * * *
The white imp gestures at you. The puff of frost hits you!
* * * LOW HITPOINT WARNING * * *
The bat hits you but does no damage. Eustachio completely misses you.
The white imp gestures at you. The puff of frost hits you.
You die...

### #...)....+
#####)...##........
#....##......(.
#รท...##........
#....##........
#....##)..(....
#....##...>....
#....##5.....(.
####b@#)J5.....
#..5@5########
###.._5.#####
......8_.....#
......_......#
..............#
..............#
#.............#
##############


You could see Eustachio, an iron imp (summoned), a crimson imp (summoned), a
white imp (summoned) and a bat (summoned).

Vanquished Creatures
  Edmund (D:4)
  Duvessa (D:4)
  2 ogres (D:4)
  Dowan (D:4)
  An iguana (D:4)
  Natasha (twice) (D:4)
  A worker ant (D:4)
  A howler monkey zombie (D:3)
  2 adders
  An ooze (D:4)
  A worm (D:2)
  A dart slug (D:2)
  3 leopard geckos (D:3)
  6 orcs (D:3)
  7 bats
  10 giant cockroaches
  10 goblins
  4 hobgoblins
  2 jackals (D:2)
  2 quokkas
  2 frilled lizards
  4 kobolds
  5 rats
70 creatures vanquished.

Notes
Turn   | Place    | Note
-------+----------+-------------------------------------------
     0 | D:1      | Morrissey the Hill Orc Berserker began the quest for the
                  | Orb.
     0 | D:1      | Reached XP level 1. HP: 19/19 MP: 1/1
   200 | D:1      | Reached XP level 2. HP: 25/27 MP: 2/2
   801 | D:2      | Reached XP level 3. HP: 26/33 MP: 3/3
  1233 | D:2      | Reached ** piety under Trog
  1603 | D:3      | Reached XP level 4. HP: 38/40 MP: 4/4
  1612 | D:3      | Found a faded altar of an unknown god.
  1675 | D:3      | Found a basalt altar of Yredelemnul.
  1697 | D:3      | Reached skill level 5 in Axes
  1935 | D:3      | Found a bloodstained altar of Trog.
  2204 | D:4      | Noticed an ogre
  2206 | D:4      | Noticed an ogre
  2213 | D:4      | Killed an ogre
  2213 | D:4      | Reached XP level 5. HP: 44/47 MP: 5/5
  2215 | D:4      | Killed an ogre
  2215 | D:4      | Reached skill level 6 in Axes
  2215 | D:4      | Reached XP level 6. HP: 50/53 MP: 6/6
  2356 | D:4      | Noticed Natasha
  2361 | D:4      | Killed Natasha
  2505 | D:4      | Noticed Duvessa
  2505 | D:4      | Noticed Dowan
  2516 | D:4      | Killed Duvessa
  2519 | D:4      | Reached XP level 7. HP: 52/60 MP: 7/7
  2525 | D:4      | Killed Dowan
  2525 | D:4      | Reached skill level 5 in Fighting
  2525 | D:4      | Reached skill level 5 in Armour
  2528 | D:4      | Found a glowing silver altar of Zin.
  2529 | D:4      | Found an ancient bone altar of Kikubaaqudgha.
  2530 | D:4      | Found a shadowy altar of Dithmenos.
  2605 | D:4      | Noticed Natasha
  2609 | D:4      | Killed Natasha
  2649 | D:4      | Noticed Eustachio
  2652 | D:4      | Noticed Edmund
  2671 | D:4      | Killed Edmund
  2671 | D:4      | Reached skill level 7 in Axes
  2685 | D:4      | HP: 3/61 [white imp/puff of frost[Eustachio] (11)]
  2685 | D:4      | Killed from afar by a white imp

Illustrated notes

Levels and vault maps discovered:
D:1:      lemuel_arrival_funnel, layout_basic, corexii_leaking_fountain,
          minmay_pentomino_z2
D:2:      layout_rooms, first_ration
D:3:      layout_basic, lemuel_doored_altar, overflow_temple_1_default,
          chequers_ecumenical_altar_simple
D:4:      layout_basic, chequers_temple_overflow_statue_of_worship,
          serial_shops, nicolae_shop_overgrown_old_shop, uniq_natasha,
          uniq_ijyb, uniq_edmund, uniq_eustachio, uniq_duvessa

Skill      XL: |  1  2  3  4  5  6  7 |
---------------+----------------------+-----
Armour         | 3 4 5 |  5.4
Fighting       | 4 5 |  5.2
Axes           | 5 6 7 |  7.2
Dodging        | 2 3 |  3.0
Throwing       | |  0.3

Action                   |  1- 3 |  4- 6 |  7- 9 || total
-------------------------+-------+-------+-------++-------
Melee: Hand axe          |    96 |       |       ||    96
       War axe           |     3 |    72 |    29 ||   104
Throw: Stone             |    53 |    31 |     5 ||    89
Invok: Berserk           |     1 |     2 |     1 ||     4
       Trog's Hand       |       |       |     1 ||     1
  Use: Potion            |     2 |       |       ||     2
 Stab: Sleeping          |     1 |       |       ||     1
  Eat: Chunk             |     3 |     4 |     1 ||     8
Armor: Animal skin       |     5 |       |       ||     5
       Skin              |    15 |       |       ||    15
       Ring mail         |    27 |    20 |    11 ||    58
Dodge: Dodged            |    70 |    32 |    19 ||   121

Table legend:
 A = Non-vault XP
 B = Vault XP
 C = Vault XP percentage of total XP
 D = Non-vault monster count
 E = Vault monster count
 F = Vault count percentage of total count
                 A         B        C        D         E       F
            +---------+---------+-------+---------+---------+-------
      Total |     497 |     420 |  45.8 |      64 |       6 |   8.6
            +---------+---------+-------+---------+---------+-------
        D:1 |      16 |       4 |  20.0 |      10 |       2 |  16.7
        D:2 |      60 |       0 |   0.0 |      27 |       0 |   0.0
        D:3 |      65 |       0 |   0.0 |      16 |       0 |   0.0
        D:4 |     356 |     416 |  53.9 |      11 |       4 |  26.7
            +---------+---------+-------+---------+---------+-------
